[Event "Titled Tuesday Blitz January 10 Early 2023"]
[White "Horcajuelo Rocamora, Martin"]
[Black "Ezat, Mohamed"]
[WhiteFideId "24573027"]
[BlackFideId "10600906"]
[WhiteElo "2107"]
[BlackElo "2402"]
[Result "1-0"]
[Round "09"]
[TimeControl "180+2"]
[Date "2023.01.10"]
[WhiteClock "0:01:35"]
[BlackClock "0:00:44"]

1. Nf3 e6 2. b3 Nf6 3. Bb2 a5 4. e3 a4 5. d4 Bb4+ 6. c3 Be7 7. Bd3 O-O 8. Nbd2 d5 9. O-O c5 10. Qe2 Nc6 11. e4 cxd4 12. cxd4 a3 13. Bc3 Bb4 14. Bxb4 Nxb4 15. e5 Nxd3 16. Qxd3 Nd7 17. Rac1 b6 18. Qc3 Ba6 19. Rfe1 Qe7 20. Qa1 h6 21. Rc7 Rfc8 22. Rec1 Qd8 23. Qc3 Rxc7 24. Qxc7 Qxc7 25. Rxc7 Rc8 26. Rxc8+ Bxc8 27. Nb1 Ba6 28. Nxa3 Bd3 29. Ne1 Be2 30. f3 Ba6 31. Kf2 f6 32. f4 Kf7 33. Ke3 Bf1 34. Nac2 Ke7 35. Nb4 Kd8 36. Kf2 Bb5 37. a4 g5 38. g3 gxf4 39. gxf4 fxe5 40. fxe5 Nc5 41. dxc5 bxc5 42. axb5 cxb4 43. Nd3 Kc7 44. Nxb4 Kb6 45. Nd3 Kxb5 46. Ke3 h5 47. Kd4 h4 48. Nc5 1-0


[Site "https://www.chess.com"]

[Event "Titled Tuesday Blitz January 10 Early 2023"]
[White "Buscar, Michael"]
[Black "Tomaszewski, Kacper"]
[WhiteFideId "2603616"]
[BlackFideId "1127373"]
[WhiteElo "2041"]
[BlackElo "2313"]
[Result "0-1"]
[Round "09"]
[TimeControl "180+2"]
[Date "2023.01.10"]
[WhiteClock "0:01:57"]
[BlackClock "0:01:32"]

1. d4 g6 2. c4 Bg7 3. Nc3 c5 4. e3 cxd4 5. exd4 d5 6. Nf3 Nf6 7. c5 O-O 8. Be2 Ne4 9. Be3 b6 10. cxb6 axb6 11. O-O Ba6 12. Nxe4 dxe4 13. Ne5 Bxe5 14. dxe5 Qxd1 15. Bxd1 Bxf1 16. Kxf1 Nc6 17. Bxb6 Rfb8 18. Bc5 Rxb2 19. a3 Rd8 20. Ba4 Nxe5 21. Bxe7 Rdd2 22. Bc5 Nd3 23. Be3 Re2 24. Bd1 Rxf2+ 25. Bxf2 Rxf2+ 26. Kg1 e3 27. Bf3 Rxf3 28. gxf3 e2 29. a4 e1=Q+ 30. Rxe1 Nxe1 31. a5 Nxf3+ 32. Kf2 Nd4 33. a6 Nb5 34. Ke3 f5 35. Kd3 f4 36. Kc4 Na7 0-1


[Site "https://www.chess.com"]

[Event "Titled Tuesday Blitz January 10 Early 2023"]
[White "Mayank Chakraborty"]
[Black "Langner, Ladislav"]
[WhiteFideId "25659766"]
[BlackFideId "300403"]
[WhiteElo "2025"]
[BlackElo "2368"]
[Result "0-1"]
[Round "09"]
[TimeControl "180+2"]
[Date "2023.01.10"]
[WhiteClock "0:00:10"]
[BlackClock "0:00:21"]

1. d4 Nf6 2. Nf3 g6 3. c3 d5 4. g3 Bg7 5. Bg2 c5 6. O-O b6 7. Ne5 O-O 8. Nd2 cxd4 9. cxd4 Bb7 10. Ndc4 Nfd7 11. Ne3 e6 12. f4 Nc6 13. N3g4 Rc8 14. a3 Nf6 15. Nxf6+ Bxf6 16. e3 Bg7 17. Bd2 f6 18. Nd3 Re8 19. Rc1 Ba6 20. Be1 Ne7 21. Rxc8 Qxc8 22. Rf2 Nf5 23. Re2 Qc4 24. Nc1 Rc8 25. Bc3 Bf8 26. Bf1 Qc6 27. Re1 Bxf1 28. Kxf1 Bxa3 29. Nd3 Be7 30. Kf2 Nd6 31. Kg2 Ne4 32. Qa1 Nxc3 33. bxc3 Qxc3 34. Qxa7 Qd2+ 35. Nf2 Qxe1 36. Qd7 Rc2 37. Qe8+ Bf8 38. Qxe6+ Kg7 39. Qd7+ Kh8 40. Qxh7+ Kxh7 0-1


[Site "https://www.chess.com"]

[Event "Titled Tuesday Blitz January 10 Early 2023"]
[White "Nguyen Hong Nhung"]
[Black "Chos, Alexey"]
[WhiteFideId "12412201"]
[BlackFideId "14117762"]
[WhiteElo "2003"]
[BlackElo "2296"]
[Result "1-0"]
[Round "09"]
[TimeControl "180+2"]
[Date "2023.01.10"]
[WhiteClock "0:01:41"]
[BlackClock "0:00:35"]

1. e4 c5 2. Nc3 d6 3. f4 Nc6 4. Nf3 g6 5. Bc4 Bg7 6. O-O e6 7. d3 Nge7 8. Qe1 O-O 9. f5 exf5 10. Qh4 fxe4 11. Ng5 h5 12. Nxf7 Rxf7 13. Bxf7+ Kh8 14. Bg5 exd3 15. Nd5 Bd4+ 16. Kh1 Kg7 17. Nxe7 Ne5 18. Nf5+ Bxf5 19. Bxd8 Nxf7 20. Ba5 dxc2 21. Bc3 Bxc3 22. bxc3 Re8 23. Rac1 Ne5 24. Rxc2 Bxc2 25. h3 Bd3 26. Qf6+ Kh7 27. Re1 Bf5 28. Qxd6 Nf7 29. Qd2 Rd8 30. Qf2 Rd3 31. Qxc5 b6 32. Qc7 Rd7 33. Qxd7 Bxd7 34. Re7 1-0


[Site "https://www.chess.com"]

[Event "Titled Tuesday Blitz January 10 Early 2023"]
[White "Gressmann, Moritz"]
[Black "Buchenau, Frank"]
[WhiteFideId "24695084"]
[BlackFideId "4604350"]
[WhiteElo "2129"]
[BlackElo "2222"]
[Result "1-0"]
[Round "09"]
[TimeControl "180+2"]
[Date "2023.01.10"]
[WhiteClock "0:00:14"]
[BlackClock "0:00:01"]

1. b3 d5 2. Bb2 Bg4 3. Nf3 Bxf3 4. exf3 Nf6 5. f4 g6 6. g3 Bg7 7. Bg2 O-O 8. O-O a5 9. a4 Nc6 10. d4 e6 11. Nd2 Ne8 12. c3 Nd6 13. Nf3 Rb8 14. Ne5 Ne7 15. Ba3 f6 16. Nd3 Re8 17. Re1 Nc6 18. Nc5 Qc8 19. Bh3 f5 20. Re3 b6 21. Nd3 Ne4 22. Ne5 Nxe5 23. fxe5 b5 24. axb5 Rxb5 25. Bf1 Rb8 26. f3 Ng5 27. h4 Nf7 28. f4 Qb7 29. b4 axb4 30. Bxb4 Bf8 31. Bxf8 Rxf8 32. Re2 Qb3 33. Qxb3 Rxb3 34. Rc2 Rfb8 35. c4 Rxg3+ 36. Kf2 Rg4 37. cxd5 Rxf4+ 38. Kg1 Rxd4 39. dxe6 Nxe5 40. Rxc7 Rg4+ 41. Kf2 Rf4+ 42. Ke3 Re4+ 43. Kd2 Nf3+ 44. Kc3 Re3+ 45. Kc4 Rxe6 46. Raa7 Rb1 47. Ra8+ 1-0


[Site "https://www.chess.com"]

[Event "Titled Tuesday Blitz January 10 Early 2023"]
[White "Kaplan, Avi Harrison"]
[Black "Doluhanova, Evgeniya"]
[WhiteFideId "30934559"]
[BlackFideId "14112035"]
[WhiteElo "2146"]
[BlackElo "2275"]
[Result "0-1"]
[Round "09"]
[TimeControl "180+2"]
[Date "2023.01.10"]
[WhiteClock "0:00:02"]
[BlackClock "0:00:22"]

1. Nf3 Nf6 2. g3 g6 3. Bg2 Bg7 4. O-O O-O 5. d4 c6 6. c4 b6 7. Nc3 Bb7 8. h3 d5 9. Re1 Nbd7 10. e4 dxe4 11. Nxe4 Nxe4 12. Rxe4 e6 13. Re1 c5 14. d5 exd5 15. cxd5 Nf6 16. Ne5 Bxd5 17. Nc6 Bxc6 18. Bxc6 Rc8 19. Bg2 Qxd1 20. Rxd1 Rfd8 21. Bf4 Nh5 22. Bb7 Rxd1+ 23. Rxd1 Re8 24. Bc1 Bd4 25. Bf3 Nxg3 26. Kg2 Ne2 27. Bh6 Bg7 28. Bxg7 Kxg7 29. Rd7 Nd4 30. Bd5 Ne6 31. Rxa7 Nf4+ 32. Kf3 Nxd5 33. a4 Re6 34. h4 h5 35. Kg3 Nb4 36. f3 Nd3 37. Rb7 c4 38. Rc7 Nxb2 39. Kf4 Nxa4 40. Rxc4 Nc5 41. Kg3 Nd3 42. Rc3 Ne5 43. Rb3 Rf6 44. f4 Ng4 45. f5 gxf5 46. Kf4 Kg6 47. Kg3 Rd6 48. Kf3 Rd3+ 49. Kf4 Rd6 50. Kf3 Ne5+ 51. Kf4 Nd3+ 52. Kf3 Nc5 53. Rb1 Kf6 54. Kf4 Rd4+ 55. Kf3 Rd6 56. Kf4 Ne6+ 57. Kf3 b5 58. Ke3 Rb6 59. Rb3 b4 60. Kf3 Nc5 61. Rb1 b3 62. Kf4 b2 63. Rd1 b1=Q 64. Rd3 Qf1+ 65. Rf3 Ne6+ 66. Kg3 f4+ 67. Kh2 Rb2+ 68. Rf2 Qxf2+ 69. Kh3 Qg3# 0-1


[Site "https://www.chess.com"]

[Event "Titled Tuesday Blitz January 10 Early 2023"]
[White "Fernandez Siles, Luis"]
[Black "Reprintsev, Alexander"]
[WhiteFideId "2209420"]
[BlackFideId "14100541"]
[WhiteElo "2218"]
[BlackElo "2253"]
[Result "0-1"]
[Round "09"]
[TimeControl "180+2"]
[Date "2023.01.10"]
[WhiteClock "0:00:25"]
[BlackClock "0:00:30"]

1. e4 d5 2. exd5 Qxd5 3. Nc3 Qa5 4. g3 Nc6 5. Bg2 Nf6 6. Nge2 e5 7. O-O Bf5 8. d4 O-O-O 9. d5 Nb4 10. Bd2 Bxc2 11. Qc1 Bg6 12. a3 Nd3 13. Qd1 Qa6 14. Qb3 Nc5 15. Qb4 Bd3 16. Rfc1 Bxe2 17. Nxe2 Qxe2 18. d6 Bxd6 19. Rxc5 b6 20. Rac1 Bxc5 21. Rxc5 Qxd2 22. Qb5 Qd1+ 23. Bf1 bxc5 24. Qc6 Rhe8 25. h3 Rd6 26. Qa8+ Kd7 27. Qxa7 Ne4 28. Kg2 Qd2 0-1


[Site "https://www.chess.com"]

[Event "Titled Tuesday Blitz January 10 Early 2023"]
[White "Tania, Sachdev"]
[Black "Vasques, Antonio Pedro Freixial"]
[WhiteFideId "5007844"]
[BlackFideId "1908332"]
[WhiteElo "2389"]
[BlackElo "2214"]
[Result "1-0"]
[Round "09"]
[TimeControl "180+2"]
[Date "2023.01.10"]
[WhiteClock "0:01:04"]
[BlackClock "0:00:21"]

1. d4 Nf6 2. c3 g6 3. Nf3 Bg7 4. g3 c5 5. Bg2 O-O 6. d5 b5 7. O-O d6 8. c4 a6 9. Nc3 b4 10. Na4 Nbd7 11. Bg5 h6 12. Bf4 g5 13. Be3 Ng4 14. Bd2 Nde5 15. Nxe5 Nxe5 16. Qc2 Rb8 17. b3 e6 18. Rad1 exd5 19. Bxd5 Be6 20. Bc1 Qe7 21. Bb2 f5 22. Ba1 f4 23. Bxe5 dxe5 24. Bxe6+ Qxe6 25. Nxc5 Qh3 26. Nd7 g4 27. Nxf8 f3 28. Qh7+ Kxf8 29. Qf5+ Kg8 30. exf3 Rf8 31. Qxg4 Qxg4 32. fxg4 e4 33. Rfe1 Re8 34. Rd6 Bc3 35. Re3 Kf7 36. Rxa6 Rd8 37. Rxe4 Rd1+ 38. Kg2 Rd2 39. Rf4+ Ke8 40. Rxh6 Bd4 41. Rh7 Be3 42. Re4+ 1-0


[Site "https://www.chess.com"]

[Event "Titled Tuesday Blitz January 10 Early 2023"]
[White "Gutkin, Ilya"]
[Black "Carbone, Diego"]
[WhiteFideId "16203470"]
[BlackFideId "3002179"]
[WhiteElo "2273"]
[BlackElo "2336"]
[Result "1-0"]
[Round "09"]
[TimeControl "180+2"]
[Date "2023.01.10"]
[WhiteClock "0:01:05"]
[BlackClock "0:00:13"]

1. Nf3 Nf6 2. g3 g6 3. b3 Bg7 4. Bb2 c5 5. c4 Nc6 6. Bg2 d6 7. d4 cxd4 8. Nxd4 Bd7 9. O-O h5 10. h3 Nxd4 11. Bxd4 Bc6 12. Nc3 Bxg2 13. Kxg2 O-O 14. Qd2 a6 15. Rfd1 Rc8 16. Rac1 Qd7 17. Qe3 Qc6+ 18. Qf3 Qxf3+ 19. Kxf3 Nd7 20. Nd5 Rfe8 21. e3 Bxd4 22. Rxd4 Kg7 23. Ke2 Nc5 24. f4 b5 25. cxb5 Ne6 26. Rdd1 axb5 27. Nb4 Rc5 28. Nd3 Rxc1 29. Rxc1 Ra8 30. Nb4 Nc5 31. Kf3 Ra7 32. e4 Kf6 33. e5+ Ke6 34. Ke3 Nd7 35. exd6 Kxd6 36. Rc6# 1-0


[Site "https://www.chess.com"]

[Event "Titled Tuesday Blitz January 10 Early 2023"]
[White "Begunov, Konstantin"]
[Black "Marcziter, Dmitrii"]
[WhiteFideId "4118510"]
[BlackFideId "13900765"]
[WhiteElo "2325"]
[BlackElo "2234"]
[Result "1-0"]
[Round "09"]
[TimeControl "180+2"]
[Date "2023.01.10"]
[WhiteClock "0:00:10"]
[BlackClock "0:00:08"]

1. d4 d5 2. c4 e6 3. Nc3 c5 4. cxd5 exd5 5. Nf3 Nc6 6. g3 Nf6 7. Bg2 Be7 8. O-O O-O 9. Bg5 cxd4 10. Nxd4 h6 11. Be3 Re8 12. Rc1 Bf8 13. Nxc6 bxc6 14. Na4 Qa5 15. Bc5 Ba6 16. Bf3 Ne4 17. Bxf8 Kxf8 18. Rxc6 Bb5 19. Qxd5 Qxa4 20. Rc7 Ng5 21. Bh5 Re7 22. Qxa8+ Be8 23. Rxe7 Kxe7 24. Qb7+ Kf8 25. Qb3 Qe4 26. Bf3 Nxf3+ 27. Qxf3 Qe5 28. b3 Qe6 29. Rd1 Bc6 30. Qd3 Kg8 31. f3 a6 32. Kg2 Bb5 33. Qd8+ Kh7 34. e4 Qe5 35. Qd4 Qc7 36. Rd2 Qc1 37. Rf2 f6 38. e5 fxe5 39. Qe4+ Kh8 40. Qxe5 Bd3 41. Qd4 Bg6 42. Rd2 Kh7 43. Qe3 Qb1 44. Re2 Qd1 45. h4 h5 46. Rd2 Qb1 47. Qg5 Qc1 48. Rd6 Qc2+ 49. Kh3 Bf5+ 50. g4 hxg4+ 51. Kg3 gxf3 52. Qh5+ Kg8 53. Rd8# 1-0


[Site "https://www.chess.com"]

[Event "Titled Tuesday Blitz January 10 Early 2023"]
[White "Novikova, Galina"]
[Black "Zaichenko, Daria"]
[WhiteFideId "4157095"]
[BlackFideId "4197453"]
[WhiteElo "2073"]
[BlackElo "2104"]
[Result "1-0"]
[Round "09"]
[TimeControl "180+2"]
[Date "2023.01.10"]
[WhiteClock "0:00:04"]
[BlackClock "0:00:01"]

1. e4 c5 2. Nf3 Nc6 3. d4 cxd4 4. Nxd4 Nf6 5. Nc3 d6 6. h3 e6 7. g4 h6 8. Bg2 Be7 9. O-O O-O 10. Be3 Nh7 11. f4 f5 12. Nxc6 bxc6 13. exf5 exf5 14. Bxc6 Rb8 15. Bf3 Rxb2 16. Bxa7 Qa5 17. Bd4 fxg4 18. hxg4 Kh8 19. Nd5 Rb7 20. Nxe7 Rxe7 21. f5 Ng5 22. Bg2 Bb7 23. f6 gxf6 24. Rxf6 Rfe8 25. Rf5+ Re5 26. Bxb7 Qb4 27. Bxe5+ dxe5 28. Bg2 e4 29. Qe2 Qd4+ 30. Kh2 Qxa1 31. Qa6 Qg7 32. Rf6 Kh7 33. a4 e3 34. Qd3+ Kh8 35. Qd6 Nf7 36. Qc6 Rg8 37. Bf3 Kh7 38. Qe4+ Kh8 39. Qf5 Ng5 40. Be2 Nh7 41. Rf7 1-0


[Site "https://www.chess.com"]

[Event "Titled Tuesday Blitz January 10 Early 2023"]
[White "Aspire_ie"]
[Black "Valle Maytin, Luis Enrique"]
[BlackFideId "3503666"]
[WhiteElo "2307"]
[BlackElo "2241"]
[Result "1-0"]
[Round "09"]
[TimeControl "180+2"]
[Date "2023.01.10"]
[WhiteClock "0:01:41"]
[BlackClock "0:01:50"]

1. e4 c6 2. c4 d5 3. cxd5 cxd5 4. exd5 Nf6 5. Nc3 Nxd5 6. Nf3 Nc6 7. Bc4 Nxc3 8. bxc3 Qc7 9. O-O Bg4 10. Bxf7+ Kxf7 11. Ng5+ Ke8 12. Qxg4 h6 13. Qh5+ Kd7 14. d4 g6 15. Qg4+ Ke8 16. Ne6 Qd6 17. Bf4 Qd5 18. Nc7+ 1-0


[Site "https://www.chess.com"]

[Event "Titled Tuesday Blitz January 10 Early 2023"]
[White "Sreyas Payyappat"]
[Black "Real_taiatai"]
[WhiteFideId "46674969"]
[WhiteElo "2076"]
[BlackElo "2318"]
[Result "1-0"]
[Round "09"]
[TimeControl "180+2"]
[Date "2023.01.10"]
[WhiteClock "0:01:12"]
[BlackClock "0:00:12"]

1. e4 c5 2. Nf3 g6 3. d4 cxd4 4. Nxd4 Bg7 5. Be3 Nc6 6. Nc3 Nf6 7. f4 d6 8. Be2 O-O 9. O-O Bd7 10. Qd2 a6 11. Rad1 Ng4 12. Bxg4 Bxg4 13. Rde1 Rc8 14. h3 Bd7 15. f5 b5 16. Nd5 Nxd4 17. Bxd4 Bxd4+ 18. Qxd4 Rxc2 19. f6 e6 20. Qe3 Kh8 21. Ne7 Rg8 22. Qh6 Qf8 23. Nxg8 Kxg8 24. Qxf8+ Kxf8 25. Rd1 Rc6 26. Rd2 Ke8 27. Rfd1 d5 28. exd5 exd5 29. Rxd5 Rc7 30. Rd6 Kd8 31. Rxa6 Kc8 32. Ra8+ Kb7 33. Rh8 h5 34. Rf8 Be6 35. Re8 Rc2 36. Rxe6 fxe6 37. Rd7+ Kb6 38. Rd6+ Ka5 39. f7 Rc8 40. Rxe6 Rf8 41. Rf6 Kb4 42. Kf2 Kc4 43. Ke3 Kd5 44. Kf4 Kd4 45. Kg5 Kd3 46. Kxg6 Kc2 47. Kg7 Ra8 48. Rf2+ Kc1 49. f8=Q 1-0


[Site "https://www.chess.com"]

[Event "Titled Tuesday Blitz January 10 Early 2023"]
[White "Slovineanu, Viacheslav"]
[Black "Avazkhonov, Alikhon"]
[WhiteFideId "13900510"]
[BlackFideId "14208504"]
[WhiteElo "2412"]
[BlackElo "1538"]
[Result "0-1"]
[Round "09"]
[TimeControl "180+2"]
[Date "2023.01.10"]
[WhiteClock "0:00:08"]
[BlackClock "0:00:07"]

1. e4 c5 2. Nf3 d6 3. d4 cxd4 4. Nxd4 Nf6 5. Nc3 a6 6. Bc4 e6 7. Bb3 Ke7 8. f3 b5 9. Be3 Bb7 10. Qd2 Nbd7 11. g4 Nc5 12. O-O-O Qc7 13. Kb1 Ke8 14. h4 Nfd7 15. g5 Ne5 16. h5 g6 17. hxg6 Nxg6 18. Ndxb5 axb5 19. Nxb5 Qc6 20. Nxd6+ Bxd6 21. Qxd6 Qxd6 22. Rxd6 Nxb3 23. axb3 Rd8 24. Rb6 Rd7 25. c3 Kf8 26. Bd4 e5 27. Bc5+ Kg7 28. b4 Rhd8 29. Kc2 Nf4 30. Rbh6 Rh8 31. Kb3 Bc8 32. b5 Rd3 33. Rc6 Be6+ 34. Kb4 Rxf3 35. Be7 Nd3+ 36. Ka5 Re8 37. Bf6+ Kg8 38. b6 Nxb2 39. b7 Nc4+ 40. Kb4 Rb8 41. Rxe6 Rxb7+ 42. Kxc4 fxe6 43. Rd1 Rxf6 44. gxf6 Kf7 45. Rf1 Rc7+ 46. Kb3 Rb7+ 47. Kc2 h5 48. Rh1 Kg6 49. Rg1+ Kxf6 50. Rf1+ Kg5 51. c4 Rh7 52. Kc3 h4 53. Rg1+ Kf4 54. Kd3 h3 55. Rf1+ Kg3 56. c5 h2 57. Re1 Kf2 58. Rd1 h1=Q 59. Rd2+ Kg3 60. Kc4 Qxe4+ 61. Kb5 Qd5 62. Rxd5 exd5 63. c6 d4 64. Kc5 d3 65. Kd5 d2 66. c7 d1=Q+ 67. Ke4 Rxc7 68. Kf5 Qf3+ 69. Ke6 Rc6+ 0-1


[Site "https://www.chess.com"]

[Event "Titled Tuesday Blitz January 10 Early 2023"]
[White "Dudzinski, Pawel"]
[Black "Jenkins, Drake"]
[WhiteFideId "1117890"]
[BlackFideId "2022397"]
[WhiteElo "2186"]
[BlackElo "2130"]
[Result "1-0"]
[Round "09"]
[TimeControl "180+2"]
[Date "2023.01.10"]
[WhiteClock "0:00:41"]
[BlackClock "0:00:02"]

1. e4 c5 2. Nc3 g6 3. g3 Bg7 4. Bg2 Nc6 5. d3 e6 6. Be3 b6 7. Qd2 h6 8. Nge2 Nge7 9. d4 cxd4 10. Nxd4 a6 11. Nxc6 Nxc6 12. h3 Bb7 13. O-O-O Rc8 14. Na4 b5 15. Bb6 Qf6 16. Qxd7+ Kf8 17. Qxb7 Rb8 18. Qxc6 bxa4 19. Bd4 Qg5+ 20. f4 Qxg3 21. Qd6+ Kg8 22. Qxb8+ Kh7 23. Qc7 Qxg2 24. Qxf7 Rg8 25. Bxg7 Rxg7 26. Qxe6 a3 27. bxa3 Qf3 28. Qb3 Qxf4+ 29. Kb1 Qxe4 30. Rhe1 Qg2 31. Rd4 a5 32. Red1 Qc6 33. Ka1 h5 34. Qd3 1-0


[Site "https://www.chess.com"]

[Event "Titled Tuesday Blitz January 10 Early 2023"]
[White "Riverol, Jose"]
[Black "Boder, Jan"]
[WhiteFideId "3000427"]
[BlackFideId "16243226"]
[WhiteElo "2304"]
[BlackElo "2294"]
[Result "1-0"]
[Round "09"]
[TimeControl "180+2"]
[Date "2023.01.10"]
[WhiteClock "0:00:06"]
[BlackClock "0:00:04"]

1. d4 Nf6 2. c4 e6 3. Nc3 b6 4. e4 Bb7 5. e5 Ne4 6. Nf3 Bb4 7. Qc2 Bxc3+ 8. bxc3 f5 9. Ba3 d6 10. Bd3 O-O 11. O-O Nd7 12. exd6 cxd6 13. Nd2 Ndf6 14. f3 Nxd2 15. Qxd2 Re8 16. Rfe1 Qd7 17. Qf4 Rad8 18. Re2 Ba6 19. Rae1 d5 20. h4 Bxc4 21. Bxc4 dxc4 22. Re5 Nd5 23. Qd2 b5 24. Bc5 a6 25. g4 fxg4 26. fxg4 Rc8 27. Qg5 Nxc3 28. h5 h6 29. Qg6 Qf7 30. Rxe6 Qxg6 31. hxg6 Rxe6 32. Rxe6 Nxa2 33. d5 c3 34. d6 c2 35. Be3 Rd8 36. d7 Kf8 37. Bc5+ Kg8 38. Re8+ Rxe8 39. dxe8=Q# 1-0


[Site "https://www.chess.com"]

[Event "Titled Tuesday Blitz January 10 Early 2023"]
[White "Gracia Alvarez, Gerardo Antonio"]
[Black "Mendez Machado, Andre"]
[WhiteFideId "5109124"]
[BlackFideId "6603793"]
[WhiteElo "2238"]
[BlackElo "1974"]
[Result "1-0"]
[Round "09"]
[TimeControl "180+2"]
[Date "2023.01.10"]
[WhiteClock "0:00:28"]
[BlackClock "0:00:01"]

1. d4 Nf6 2. Bf4 e6 3. e3 d5 4. Nf3 Bd6 5. Ne5 O-O 6. Nd2 c5 7. c3 Qc7 8. Bd3 Nbd7 9. Ndf3 Ne4 10. Qc2 f5 11. Nxd7 Qxd7 12. Bxd6 Qxd6 13. Ne5 c4 14. Be2 b5 15. f3 Nf6 16. b3 Nd7 17. f4 Nf6 18. O-O Ne4 19. Bf3 Bd7 20. Bxe4 fxe4 21. b4 a5 22. a3 Be8 23. g4 Ra7 24. h4 Qe7 25. Qh2 Kh8 26. h5 Kg8 27. Kh1 h6 28. Rg1 Qf6 29. Ra2 axb4 30. axb4 Rxa2 31. Qxa2 Qh4+ 32. Kg2 Bxh5 33. Rh1 Qe7 34. gxh5 Rb8 35. Nc6 Qb7 36. Nxb8 Qxb8 37. Qa6 Qe8 38. Qd6 Qf7 39. Qe5 Kh8 40. Ra1 Kh7 41. Ra6 1-0


[Site "https://www.chess.com"]

[Event "Titled Tuesday Blitz January 10 Early 2023"]
[White "Simonovic, Miroslav"]
[Black "Osinovsky, Stepan"]
[WhiteFideId "919152"]
[BlackFideId "4157354"]
[WhiteElo "2082"]
[BlackElo "2241"]
[Result "1-0"]
[Round "09"]
[TimeControl "180+2"]
[Date "2023.01.10"]
[WhiteClock "0:00:31"]
[BlackClock "0:00:03"]

1. d4 Nf6 2. Bg5 g6 3. Bxf6 exf6 4. c4 f5 5. Nc3 Bg7 6. g3 O-O 7. e3 h5 8. h4 d6 9. Bg2 Nd7 10. Nge2 Nf6 11. O-O Ng4 12. b4 Re8 13. Qd3 a6 14. a4 c6 15. b5 Bd7 16. bxc6 bxc6 17. Rab1 Rb8 18. Rxb8 Qxb8 19. Rb1 Qa7 20. a5 Rb8 21. Na4 c5 22. Rxb8+ Qxb8 23. Nb6 cxd4 24. exd4 Qe8 25. c5 Bb5 26. Nc4 dxc5 27. dxc5 f4 28. Bf3 Ne5 29. Nxe5 Bxd3 30. Nxd3 fxg3 31. fxg3 Qe3+ 32. Kg2 Be5 33. Nxe5 Qxe5 34. c6 Qxa5 35. Nf4 Qd2+ 36. Kf1 a5 37. Nd5 1-0


[Site "https://www.chess.com"]

[Event "Titled Tuesday Blitz January 10 Early 2023"]
[White "Rosh Jain"]
[Black "Gonzalez, Francisco Silva"]
[WhiteFideId "25789465"]
[BlackFideId "1512285"]
[WhiteElo "2248"]
[BlackElo "2021"]
[Result "0-1"]
[Round "09"]
[TimeControl "180+2"]
[Date "2023.01.10"]
[WhiteClock "0:00:01"]
[BlackClock "0:01:36"]

1. e4 e5 2. Nf3 Nc6 3. Bb5 a6 4. Ba4 Nf6 5. O-O b5 6. Bb3 Bc5 7. Re1 d6 8. c3 Bg4 9. h3 Bd7 10. d4 Bb6 11. a4 O-O 12. Na3 exd4 13. cxd4 Na5 14. Bc2 b4 15. Nb1 Re8 16. Nbd2 c5 17. d5 c4 18. Nf1 h6 19. Ng3 Bc5 20. e5 dxe5 21. Nxe5 b3 22. Bb1 Qb6 23. Qf3 Bd4 24. Qf4 g5 25. Qf3 Rxe5 26. Rxe5 Bxe5 27. Be3 Qd6 28. Ne4 Nxe4 29. Qxe4 f5 30. Qf3 Bxb2 31. Bxf5 Rf8 32. Bh7+ Kxh7 33. Qe4+ Bf5 34. Qe6 Bxe6 35. dxe6 Qh2+ 36. Kxh2 Be5+ 37. g3 Bxa1 38. e7 Re8 39. Bc5 c3 40. f4 b2 41. f5 Kg7 42. f6+ Kf7 43. h4 g4 44. h5 b1=N 0-1


[Site "https://www.chess.com"]

[Event "Titled Tuesday Blitz January 10 Early 2023"]
[White "Donskov, Anatoly"]
[Black "ritanovikova"]
[WhiteFideId "24143413"]
[WhiteElo "2279"]
[BlackElo "2112"]
[Result "0-1"]
[Round "09"]
[TimeControl "180+2"]
[Date "2023.01.10"]
[WhiteClock "0:00:01"]
[BlackClock "0:00:24"]

1. e4 d5 2. exd5 Qxd5 3. Nc3 Qd6 4. g3 Nf6 5. Bg2 Nc6 6. h3 a6 7. Nf3 e5 8. d3 Bf5 9. O-O O-O-O 10. Qe2 h5 11. Bg5 Be7 12. Rfe1 Qd7 13. h4 Bd6 14. Ne4 Nxe4 15. dxe4 f6 16. exf5 fxg5 17. Nxg5 Kb8 18. Qe4 Rdf8 19. Ne6 Rf6 20. c4 Bb4 21. Red1 Qe7 22. a3 g6 23. axb4 gxf5 24. Qe3 Rxe6 25. b5 Nd4 26. bxa6 Nc2 27. a7+ Ka8 28. Qb3 Nb4 29. Ra4 c5 30. Ra5 Rc8 31. Rb5 Rc7 32. Bd5 Rd6 33. Qf3 Nxd5 34. cxd5 Qd7 0-1


[Site "https://www.chess.com"]

[Event "Titled Tuesday Blitz January 10 Early 2023"]
[White "Adam, Ernestina"]
[Black "Szyszylo, Rafal"]
[WhiteFideId "165883"]
[BlackFideId "1109626"]
[WhiteElo "2040"]
[BlackElo "2091"]
[Result "1-0"]
[Round "09"]
[TimeControl "180+2"]
[Date "2023.01.10"]
[WhiteClock "0:00:53"]
[BlackClock "0:00:14"]

1. e4 d6 2. d4 g6 3. Nc3 Nf6 4. f4 Bg7 5. Nf3 O-O 6. Bd3 Na6 7. O-O c5 8. d5 Bg4 9. h3 Bxf3 10. Qxf3 Nb4 11. a3 c4 12. axb4 cxd3 13. Qxd3 Qb6+ 14. Be3 Qxb4 15. Ra4 Qxb2 16. Rb1 Qxc3 17. Qxc3 Nxe4 18. Qd3 Nc3 19. Rab4 Nxb1 20. Rxb1 a5 21. Rxb7 a4 22. Qa3 Rfc8 23. Rxe7 Rc3 24. Qxd6 Rxe3 25. Qc6 Rb8 26. Rxe3 Bd4 27. Qxa4 Bxe3+ 28. Kh2 Rb1 29. d6 1-0


[Site "https://www.chess.com"]

[Event "Titled Tuesday Blitz January 10 Early 2023"]
[White "Kovacevic, Radmila"]
[Black "Womacka, Mathias"]
[WhiteFideId "933171"]
[BlackFideId "4611390"]
[WhiteElo "2106"]
[BlackElo "2396"]
[Result "1/2-1/2"]
[Round "09"]
[TimeControl "180+2"]
[Date "2023.01.10"]
[WhiteClock "0:00:06"]
[BlackClock "0:00:27"]

1. e4 c5 2. Be2 Nc6 3. f4 Nf6 4. d3 g6 5. Nf3 d5 6. e5 Nh5 7. Ng5 Ng7 8. c3 f6 9. Nf3 Bg4 10. Qb3 Qd7 11. O-O O-O-O 12. Qa3 fxe5 13. fxe5 e6 14. Bg5 Be7 15. Bf6 Bxf6 16. exf6 Nh5 17. Qxc5 Nf4 18. Ne5 Nxe2+ 19. Kh1 Qc7 20. Nxg4 h5 21. Nf2 h4 22. Qe3 Nf4 23. Nh3 Nxh3 24. Qxh3 Qe5 25. Nd2 Rde8 26. Rae1 Qg5 27. Nb3 Kc7 28. Rxe6 Rxe6 29. Qxe6 h3 30. g3 Qh5 31. f7 Rf8 32. Nd4 Nxd4 33. cxd4 g5 34. Qe7+ Kb6 35. Qxf8 Qe2 36. Qc5+ Ka6 37. Qa3+ Kb6 38. Qb3+ Ka6 39. Qa4+ Kb6 40. Qb3+ Ka6 41. Qa4+ Kb6 42. Qb4+ Ka6 43. Qa4+ 1/2-1/2


[Site "https://www.chess.com"]

[Event "Titled Tuesday Blitz January 10 Early 2023"]
[White "Mrudul Dehankar"]
[Black "Baches Garcia, Guillermo"]
[WhiteFideId "25096990"]
[BlackFideId "2209764"]
[WhiteElo "2030"]
[BlackElo "2327"]
[Result "0-1"]
[Round "09"]
[TimeControl "180+2"]
[Date "2023.01.10"]
[WhiteClock "0:00:03"]
[BlackClock "0:00:21"]

1. e4 c5 2. Nf3 d6 3. d4 cxd4 4. Nxd4 Nf6 5. Nc3 a6 6. Bg5 Nbd7 7. f4 Qc7 8. Qf3 h6 9. Bxf6 Nxf6 10. f5 Qc5 11. O-O-O g5 12. Be2 Bg7 13. Nb3 Qe5 14. h4 g4 15. Qd3 b5 16. a3 Bb7 17. Nd2 Rc8 18. Rhe1 h5 19. Bf1 O-O 20. Nb3 Rc4 21. Qe3 Rfc8 22. Bxc4 Rxc4 23. Nd4 Nd7 24. Nde2 Nc5 25. Qg5 Nxe4 26. Nxe4 Qxb2+ 27. Kd2 Qxc2+ 28. Ke3 Qxe4+ 29. Kf2 Qxg2+ 30. Ke3 Qf3+ 31. Kd2 Qd5+ 32. Ke3 Qc5+ 33. Kd2 Rc2+ 34. Kd3 Qc4+ 35. Ke3 Qe4+ 36. Kf2 Qf3+ 37. Kg1 Qg2# 0-1


[Site "https://www.chess.com"]